 Dungeon Crawl Stone Soup version 0.24-a0-530-g18ba70b503 (webtiles) character file.

Game seed: 15775587415690302560

98 Mithandil the Shield-Bearer (level 4, 0/40 HPs)
             Began as a Minotaur Fighter on Aug 8, 2019.
             Killed from afar by an orc wizard (7 damage)
             ... with a puff of flame
             ... on level 3 of the Dungeon.
             The game lasted 00:13:20 (1740 turns).

Mithandil the Shield-Bearer (Minotaur Fighter)      Turns: 1740, Time: 00:13:20

Health: 0/40       AC:  7    Str: 22    XL:     4   Next: 44%
Magic:  3/3        EV:  8    Int:  5    God:
Gold:   125        SH:  9    Dex:  9    Spells: 3/3 levels left

rFire    . . .     SeeInvis .   a - +0 war axe
rCold    . . .     Gourm    .   c - +0 shield
rNeg     . . .     Faith    .   k - +0 scale mail
rPois    .         Spirit   .   (helmet restricted)
rElec    .         Reflect  .   (no cloak)
rCorr    .         Harm     .   (no gloves)
MR       .....                  (no boots)
Stlth    ..........             (no amulet)
HPRegen  0.13/turn              (no ring)
MPRegen  0.08/turn              (no ring)

@: no status effects
A: retaliatory headbutt, horns 2
a: no special abilities


You were on level 3 of the Dungeon.
You were hungry.

You visited 1 branch of the dungeon, and saw 4 of its levels.

You collected 125 gold pieces.

Inventory:

Hand Weapons
 a - a +0 war axe (weapon)
 b - a +0 hunting sling
 j - a +0 club
 n - a +0 dagger
 w - a +0 spear
 B - a +2 mace of holy wrath
 D - a +0 short sword
 E - a +0 flail
Missiles
 m - 137 stones
 o - 17 arrows
 r - 25 sling bullets
 t - 11 poisoned darts
 v - 7 boomerangs (quivered)
Armour
 c - a +0 shield (worn)
 k - a +0 scale mail (worn)
Jewellery
 s - an uncursed ring of flight {unknown}
Scrolls
 e - a scroll of enchant armour {unknown}
 g - 2 scrolls of remove curse {unknown}
 h - a scroll of random uselessness {unknown}
 l - 4 scrolls of identify {unknown}
 p - a scroll of fear {unknown}
 u - 3 scrolls of teleportation {unknown}
 x - 2 scrolls of magic mapping {unknown}
 y - a scroll of noise {unknown}
Potions
 d - a potion of might
 i - 2 potions of curing {unknown}
 q - 2 potions of mutation {unknown}
 z - 2 potions of degeneration {unknown}
 C - a potion of resistance {unknown}
Comestibles
 f - 11 rations
 A - 13 chunks of flesh


   Skills:
 + Level 4.0 Fighting
 * Level 3.5 Axes
 + Level 1.1 Throwing
 + Level 4.1 Armour
 + Level 1.2 Dodging
 * Level 4.4 Shields
 + Level 0.1 Spellcasting


You had 3 spell levels left.
You didn't know any spells.
Your spell library contained the following spells:

 Spells                   Type           Power        Failure   Level  Hunger
 Animate Skeleton         Necr           N/A          99%         1    ##.....
 Pain                     Necr           #...         99%         1    ##.....
 Regeneration             Chrm/Necr      #.........   100%        3    ####...
 Vampiric Draining        Necr           #.........   100%        3    ####...
 Animate Dead             Necr           N/A          100%        4    #####..


Dungeon Overview and Level Annotations

Branches:
Dungeon (4/15)
 Temple: D:4-7

Altars:
Hepliaklqana
Ru

Annotations:
D:4 1 runed translucent door


Innate Abilities, Weirdness & Mutations

You reflexively headbutt those who attack you in melee.
You have a pair of horns on your head.


Message History

You block the quokka's attack. Something hits you but does no damage.
The quokka bites you but does no damage.
You closely miss the quokka. Your headbutt misses the quokka.
You hit something but do no damage. Something hits you but does no damage.
You block the quokka's attack.
You hear some strange, mumbled words.
Something tries to affect you, but you resist.
You barely miss the quokka. You closely miss something. The quokka bites you.
* * * LOW HITPOINT WARNING * * *
Something hits you.
* * * LOW HITPOINT WARNING * * *
The quokka bites you but does no damage.
You slash the quokka!
You kill the quokka!
You barely miss something. Something hits you but does no damage.
You miss something.
You hear some strange, mumbled words.
A puff of flame appears from out of thin air!
The puff of flame hits you!
You die...

...........####.....#.#)÷.
#..............#.#.........
#...........##......##.##..
#...........'...###.#...#.#
$..........#.#.#..........
...........#...###.#...#.#
...........###.....##.##..
....?...{..# #..#...[†....
.......)[@.# #......#.#...
.......[...# #+##.#.#.#.#.
....................###...
...#<................ ...#
.. #.................# # .
######.............
#.............# .........
......


There were no monsters in sight!

Vanquished Creatures
  2 adders (D:2)
  A gnoll (D:3)
  2 oozes (D:3)
  A worm (D:2)
  A leopard gecko (D:2)
  8 orcs (D:3)
  2 giant cockroaches (D:1)
  8 goblins
  5 hobgoblins
  2 quokkas (D:3)
  A ball python (D:1)
  5 bats
  7 frilled lizards
  3 kobolds
  5 rats
53 creatures vanquished.

Notes
Turn   | Place    | Note
-------+----------+-------------------------------------------
     0 | D:1      | Mithandil the Minotaur Fighter began the quest for the Orb.
     0 | D:1      | Reached XP level 1. HP: 19/19 MP: 0/0
   279 | D:2      | Reached XP level 2. HP: 18/27 MP: 1/1
   660 | D:2      | Found a sacrificial altar of Ru.
  1016 | D:1      | Reached XP level 3. HP: 33/33 MP: 2/2
  1312 | D:4      | Found a runed translucent door.
  1426 | D:2      | Found a hazy altar of Hepliaklqana.
  1487 | D:2      | Reached skill level 1 in Dodging
  1627 | D:3      | Reached skill level 1 in Throwing
  1627 | D:3      | Reached XP level 4. HP: 37/40 MP: 3/3
  1740 | D:3      | Killed from afar by an orc wizard

Levels and vault maps discovered:
D:1:      ncdulo_halloftheorcs, layout_basic
D:2:      layout_rooms, lemuel_round_altar, nicolae_ru_path_of_blood,
          minmay_lizard_pond
D:3:      layout_basic, grunt_qazlal_clouds, minmay_fractal_squares_5
D:4:      old_forge, layout_layer_cave, grunt_temple_overflow_growth_and_decay,
          minmay_temple_entry_steel_oval, ebering_ghost_sewer_f, serial_shops,
          nicolae_shop_waterfront, nicolae_shop_waterfront,
          nicolae_shop_crystal, first_ration, amethyst_killhole, minmay_vboxes

Skill      XL: |  1  2  3 |
---------------+----------+-----
Axes           | 3 |  3.5
Shields        | 4 |  4.4
Fighting       | 4 |  4.0
Dodging        | 1 |  1.2
Armour         | 4 |  4.1
Throwing       | 1 |  1.1
Spellcasting   | |  0.1

Action                   |  1- 3 |  4- 6 || total
-------------------------+-------+-------++-------
Melee: War axe           |    83 |    25 ||   108
       Headbutt          |    13 |     5 ||    18
Throw: Boomerang         |     5 |       ||     5
  Eat: Chunk             |     2 |       ||     2
Armor: Scale mail        |    40 |    24 ||    64
Dodge: Dodged            |    25 |     7 ||    32
Block: Shield            |    44 |    18 ||    62

Table legend:
 A = Non-vault XP
 B = Vault XP
 C = Vault XP percentage of total XP
 D = Non-vault monster count
 E = Vault monster count
 F = Vault count percentage of total count
                 A         B        C        D         E       F
            +---------+---------+-------+---------+---------+-------
      Total |     117 |      24 |  17.0 |      44 |       9 |  17.0
            +---------+---------+-------+---------+---------+-------
        D:1 |      21 |       0 |   0.0 |      13 |       0 |   0.0
        D:2 |      43 |       4 |   8.5 |      11 |       4 |  26.7
        D:3 |      53 |      20 |  27.4 |      20 |       5 |  20.0
            +---------+---------+-------+---------+---------+-------
